 Dungeon Crawl Stone Soup version 0.24.0-37-gcf1ca852f1 (webtiles) character file.

Game seed: 14471248731097483050, levelgen mode: deterministic

1413 Brecoman the Charmwright (level 8, -6/64 HPs)
             Began as a Gnoll Skald on Nov 28, 2019.
             Was an Initiate of Cheibriados.
             Mangled by an orc warrior
             ... wielding a +0 battleaxe
              (20 damage)
             ... on level 7 of the Dungeon on Dec 7, 2019.
             The game lasted 00:33:05 (5420 turns).

Brecoman the Charmwright (Gnoll Skald)              Turns: 5420, Time: 00:33:05

Health: -6/64      AC: 10    Str: 15    XL:     8   Next: 71%
Magic:  20/26      EV: 14    Int: 18    God:    Cheibriados [......]
Gold:   257        SH:  0    Dex: 16    Spells: 8/19 levels left

rFire    . . .     SeeInvis .   a - +1 spear
rCold    . . .     Gourm    .   (no shield)
rNeg     . . .     Faith    .   p - +0 ring mail
rPois    .         Spirit   .   j - +2 hat
rElec    .         Reflect  .   (no cloak)
rCorr    .         Harm     .   (no gloves)
MR       .....                  f - +1 pair of boots (curse)
Stlth    ++........             r - amulet of the acrobat
HPRegen  1.20/turn              b - ring of magical power
MPRegen  0.20/turn              (no ring)

@: regenerating, very slow
A: distributed training, fangs 1, strong nose
a: Bend Time, Renounce Religion


You were on level 7 of the Dungeon.
You worshipped Cheibriados.
Cheibriados was noncommittal.
You were not hungry.

You visited 2 branches of the dungeon, and saw 9 of its levels.

You collected 257 gold pieces.

Inventory:

Hand Weapons
 a - a +1 spear (weapon)
Missiles
 e - 183 stones (quivered)
Armour
 f - a cursed +1 pair of boots (worn)
 j - a +2 hat (worn)
 p - a +0 ring mail (worn)
Magical Staves
 l - an uncursed staff of summoning
 u - an uncursed staff of earth
Jewellery
 b - a ring of magical power (left hand)
 r - an amulet of the acrobat (around neck)
Scrolls
 h - 2 scrolls of enchant armour
 i - 4 scrolls of identify
 k - a scroll of amnesia
Potions
 g - 2 potions of haste {unknown}
 m - 3 potions of curing {unknown}
 o - 2 potions of might {unknown}
 q - 2 potions of heal wounds {unknown}
 s - a potion of brilliance {unknown}
 t - 2 potions of mutation {unknown}
Comestibles
 c - 2 chunks of flesh
 d - 12 rations


   Skills:
 + Level 5.8 Fighting
 + Level 3.4 Short Blades
 + Level 3.4 Long Blades
 + Level 3.4 Axes
 + Level 3.4 Maces & Flails
 + Level 5.8 Polearms
 + Level 3.4 Staves
 + Level 3.4 Slings
 + Level 3.4 Bows
 + Level 3.4 Crossbows
 + Level 3.4 Throwing
 + Level 4.3 Armour
 + Level 5.8 Dodging
 + Level 3.4 Stealth
 + Level 3.4 Shields
 + Level 3.4 Unarmed Combat
 + Level 6.1 Spellcasting
 + Level 2.8 Conjurations
 + Level 2.8 Hexes
 + Level 6.2 Charms
 + Level 2.8 Summonings
 + Level 2.8 Necromancy
 + Level 2.8 Translocations
 + Level 2.8 Transmutations
 + Level 2.8 Fire Magic
 + Level 2.8 Ice Magic
 + Level 2.8 Air Magic
 + Level 2.8 Earth Magic
 + Level 2.8 Poison Magic
 + Level 3.8 Invocations
 + Level 3.4 Evocations


You had 8 spell levels left.
You knew the following spells:

 Your Spells              Type           Power        Failure   Level  Hunger
a - Infusion              Chrm           ####         1%          1    None
b - Shroud of Golubria    Chrm/Tloc      ###...       5%          2    None
c - Spectral Weapon       Hex/Chrm       ###.....     11%         3    ##.....
d - Regeneration          Chrm/Necr      ###.......   11%         3    ##.....
e - Song of Slaying       Chrm           ####....     2%          2    None

Your spell library contained the following spells:

 Spells                   Type           Power        Failure   Level  Hunger


Dungeon Overview and Level Annotations

Branches:
Dungeon (8/15)             Temple (1/1) D:5
   Lair: D:8-11

Altars:
Cheibriados
Fedhas
Qazlal
Trog
Xom
Yredelemnul

Annotations:
D:3 1 runed translucent door, barb4r1an's ghost, amateur DrTm


Innate Abilities, Weirdness & Mutations

Your experience applies equally to all skills.
You have very sharp teeth.
Your uncanny sense of smell can sniff out nearby items.


Message History

The iguana bites you!
* * * LOW HITPOINT WARNING * * *
The orc hits you but does no damage.
The orc warrior hits you with a +0 battleaxe.
* * * LOW HITPOINT WARNING * * *
You barely miss the iguana.
The iguana is moderately wounded.
The iguana bites you but does no damage.
The orc barely misses you.
You barely miss the iguana.
The iguana is moderately wounded.
The orc warrior misses you.
Your shroud bends the iguana's attack away!
The orc hits you with a +0 short sword.
* * * LOW HITPOINT WARNING * * *
Your shroud falls apart!
You hit the iguana.
The iguana is moderately wounded.
The orc warrior hits you with a +0 battleaxe!!
You die...

#.# #.#
#># #.#
#.# #.#
#.#
#.######l#
#.....o@o#
##########


You could see an orc warrior, an iguana and an orc.

Vanquished Creatures
  Sigmund (D:5)
  Eustachio (D:5)
  Menkaure (D:5)
  A phantom (D:4)
  2 ogres
  A centaur (D:5)
  A water moccasin skeleton (D:5)
  A scorpion (D:6)
  2 crimson imps
  3 orc priests
  A hound (D:4)
  2 orc wizards
  An iguana (D:5)
  4 worker ants
  3 gnolls (D:7)
  An adder (D:5)
  A shadow imp (D:5)
  An adder skeleton (D:4)
  8 worms
  3 dart slugs
  2 leopard geckos
  21 orcs
  4 giant cockroaches
  7 goblins
  3 hobgoblins
  26 jackals
  3 quokkas
  A ball python (D:4)
  12 bats
  2 frilled lizards
  7 kobolds
  6 rats
133 creatures vanquished.

Vanquished Creatures (others)
  A spectral weapon (D:7)
1 creature vanquished.

Grand Total: 134 creatures vanquished

Notes
Turn   | Place    | Note
-------+----------+-------------------------------------------
     0 | D:1      | Brecoman the Gnoll Skald began the quest for the Orb.
     0 | D:1      | Reached XP level 1. HP: 20/20 MP: 6/6
   184 | D:1      | Reached XP level 2. HP: 15/26 MP: 0/7
   797 | D:1      | Reached XP level 3. HP: 31/31 MP: 5/9
   802 | D:1      | Reached skill level 5 in Spellcasting
   878 | D:1      | Learned a level 2 spell: Shroud of Golubria
   882 | D:1      | Learned a level 3 spell: Spectral Weapon
   886 | D:1      | Learned a level 3 spell: Regeneration
   889 | D:1      | Learned a level 2 spell: Song of Slaying
  1146 | D:2      | Reached skill level 1 in Invocations
  1316 | D:2      | Reached skill level 1 in Short Blades
  1316 | D:2      | Reached skill level 1 in Long Blades
  1316 | D:2      | Reached skill level 1 in Axes
  1316 | D:2      | Reached skill level 1 in Maces & Flails
  1316 | D:2      | Reached skill level 1 in Staves
  1316 | D:2      | Reached skill level 1 in Slings
  1316 | D:2      | Reached skill level 1 in Bows
  1316 | D:2      | Reached skill level 1 in Crossbows
  1316 | D:2      | Reached skill level 1 in Throwing
  1316 | D:2      | Reached skill level 1 in Stealth
  1316 | D:2      | Reached skill level 1 in Shields
  1316 | D:2      | Reached skill level 1 in Unarmed Combat
  1316 | D:2      | Reached skill level 1 in Evocations
  1327 | D:2      | Reached XP level 4. HP: 38/38 MP: 8/11
  1779 | D:3      | Reached skill level 1 in Conjurations
  1779 | D:3      | Reached skill level 1 in Hexes
  1779 | D:3      | Reached skill level 1 in Summonings
  1779 | D:3      | Reached skill level 1 in Necromancy
  1779 | D:3      | Reached skill level 1 in Translocations
  1779 | D:3      | Reached skill level 1 in Transmutations
  1779 | D:3      | Reached skill level 1 in Fire Magic
  1779 | D:3      | Reached skill level 1 in Ice Magic
  1779 | D:3      | Reached skill level 1 in Air Magic
  1779 | D:3      | Reached skill level 1 in Earth Magic
  1779 | D:3      | Reached skill level 1 in Poison Magic
  2027 | D:3      | Found a runed translucent door.
  2028 | D:3      | Noticed barb4r1an's ghost (amateur DrTm)
  2062 | D:3      | Reached XP level 5. HP: 29/43 MP: 3/12
  2715 | D:4      | Noticed a phantom
  2733 | D:4      | Killed a phantom
  2733 | D:4      | Reached XP level 6. HP: 36/50 MP: 0/13
  2891 | D:4      | Reached skill level 5 in Fighting
  2891 | D:4      | Reached skill level 5 in Polearms
  2891 | D:4      | Reached skill level 5 in Dodging
  3613 | D:5      | Entered Level 5 of the Dungeon
  3647 | D:5      | Noticed Menkaure
  3720 | D:5      | Reached XP level 7. HP: 45/56 MP: 1/15
  4217 | D:5      | Noticed Eustachio
  4232 | D:5      | Killed Eustachio
  4232 | D:5      | Reached XP level 8. HP: 54/63 MP: 1/16
  4403 | D:5      | Noticed Sigmund
  4451 | D:5      | Killed Sigmund
  4611 | D:5      | Found a staircase to the Ecumenical Temple.
  4620 | Temple   | Entered the Ecumenical Temple
  4633 | Temple   | Became a worshipper of Cheibriados the Contemplative
  4843 | D:5      | Killed Menkaure
  5131 | D:6      | You fall into a shaft and drop 2 floors!
  5420 | D:7      | Mangled by an orc warrior

Levels and vault maps discovered:
D:1:      dpeg_arrival_concentric_ovals, layout_basic
D:2:      layout_rooms, corexii_shack
D:3:      layout_loops_ring, gammafunk_ghost_grave, first_ration
D:4:      layout_cave_pools, hangedman_minor_gate_pass
D:5:      cheibrodos_quashed, layout_rooms, minmay_temple_entry_mini_moons,
          uniq_eustachio, uniq_menkaure, uniq_sigmund
D:6:      layout_cave_pools, minmay_misc_feat_x, minmay_misc_feat_five,
          nrook_campfire, uniq_grinder
D:7:      layout_loops_ring, uniq_harold
D:8:      layout_loops_corners, enter_bailey_6, serial_shops, shop, uniq_psyche
Temple:   compressed_dpeg_circular_temple

Skill      XL: |  1  2  3  4  5  6  7  8 |
---------------+-------------------------+-----
Spellcasting   | 5 6 |  6.1
Invocations    | 1 2 3 |  3.8
Short Blades   | 1 2 3 |  3.4
Long Blades    | 1 2 3 |  3.4
Axes           | 1 2 3 |  3.4
Maces & Flails | 1 2 3 |  3.4
Staves         | 1 2 3 |  3.4
Slings         | 1 2 3 |  3.4
Bows           | 1 2 3 |  3.4
Crossbows      | 1 2 3 |  3.4
Throwing       | 1 2 3 |  3.4
Stealth        | 1 2 3 |  3.4
Shields        | 1 2 3 |  3.4
Unarmed Combat | 1 2 3 |  3.4
Evocations     | 1 2 3 |  3.4
Conjurations   | 1 2 |  2.8
Hexes          | 1 2 |  2.8
Summonings     | 1 2 |  2.8
Necromancy     | 1 2 |  2.8
Translocations | 1 2 |  2.8
Transmutations | 1 2 |  2.8
Fire Magic     | 1 2 |  2.8
Ice Magic      | 1 2 |  2.8
Air Magic      | 1 2 |  2.8
Earth Magic    | 1 2 |  2.8
Poison Magic   | 1 2 |  2.8
Armour         | 3 4 |  4.3
Fighting       | 5 |  5.8
Polearms       | 5 |  5.8
Dodging        | 5 |  5.8
Charms         | 6 |  6.2

Action                   |  1- 3 |  4- 6 |  7- 9 || total
-------------------------+-------+-------+-------++-------
Melee: Spear             |   100 |   156 |   145 ||   401
       Bite              |     8 |     9 |     9 ||    26
       Punch             |       |     2 |     1 ||     3
Throw: Stone             |     2 |       |     1 ||     3
 Cast: Infusion          |    11 |    15 |     7 ||    33
       Spectral Weapon   |     4 |    13 |    16 ||    33
       Shroud of Golubri |       |       |     4 ||     4
       Regeneration      |       |       |     2 ||     2
  Use: Scroll            |       |     7 |       ||     7
 Stab: Sleeping          |     1 |     5 |       ||     6
       Distracted        |       |     1 |       ||     1
  Eat: Chunk             |     1 |     9 |     7 ||    17
Armor: Leather armour    |    10 |    14 |    10 ||    34
       Ring mail         |       |       |    22 ||    22
Dodge: Dodged            |    37 |    68 |    91 ||   196
